[ PARTIDA AOE2 · #482093328 ]
1v1 RMBereberes vs Mongols
Equipo del jugador · VICT
Equipo rival · DERR
[ ANÁLISIS DE REPETICIÓN · EXTRAÍDO DE LA PARTIDA GRABADA ]
Feudal
9:14
Castillos
19:15
Imperial
34:57
| APM promedio | 55.4 |
| APM pico | 94 |
| eAPM promedio | 21.9 |
| Aldeanos / militares | 83 / 40 |
Foco
⚔️ 14.9% · 🌾 85.1%
Knight ×29 · Genitour ×4 · Scout Cavalry ×3 · Spearman ×2 · Mangonel ×2
Feudal
9:22
Castillos
21:15
Imperial
—
| APM promedio | 33.6 |
| APM pico | 62 |
| eAPM promedio | 14.6 |
| Aldeanos / militares | 77 / 61 |
Foco
⚔️ 29.6% · 🌾 70.4%
Archer ×32 · Spearman ×23 · Scout Cavalry ×4 · Monk ×2
Mapa de la partida
Recursos al inicio + cada clic de construcción. Línea gruesa = muro · recuadro discontinuo = muro de casas detectado. 🟡 oro · ⚪ piedra · 🟢 bayas · 🔶 jabalí · ⭕ reliquia
Inputs por minuto
— rapha92gg - - freeth84
Build order — rapha92gg
Primeras 150 de 222 acciones detectadas
| 0:00 | Crear | Villager (Male) |
| 0:01 | Crear | Villager (Male) |
| 0:01 | Crear | Villager (Male) |
| 0:01 | Crear | Villager (Male) |
| 0:02 | Crear | Villager (Male) |
| 0:03 | Construir | House |
| 0:05 | Construir | House |
| 1:24 | Crear | Villager (Male) |
| 1:56 | Construir | Lumber Camp |
| 2:01 | Crear | Villager (Male) |
| 2:01 | Crear | Villager (Male) |
| 2:17 | Crear | Villager (Male) |
| 2:17 | Crear | Villager (Male) |
| 2:48 | Crear | Villager (Male) |
| 3:09 | Crear | Villager (Male) |
| 3:39 | Crear | Villager (Male) |
| 3:40 | Crear | Villager (Male) |
| 4:14 | Crear | Villager (Male) |
| 4:14 | Crear | Villager (Male) |
| 4:14 | Crear | Villager (Male) |
| 4:27 | Crear | Villager (Male) |
| 4:27 | Crear | Villager (Male) |
| 4:43 | Investigar | Loom |
| 4:47 | Construir | House |
| 5:03 | Crear | Villager (Male) |
| 5:24 | Crear | Villager (Male) |
| 5:41 | Crear | Villager (Male) |
| 5:49 | Construir | Mill |
| 6:16 | Crear | Villager (Male) |
| 7:04 | Investigar | Feudal Age |
| 7:35 | Crear | Villager (Male) |
| 7:43 | Construir | Barracks |
| 8:38 | Construir | House |
| 9:14 | Edad | Edad Feudal |
| 9:18 | Construir | Stable |
| 9:20 | Crear | Villager (Male) |
| 9:20 | Crear | Villager (Male) |
| 9:40 | Construir | Farm |
| 9:48 | Crear | Villager (Male) |
| 9:54 | Crear | Scout Cavalry |
| 9:55 | Crear | Scout Cavalry |
| 9:59 | Crear | Scout Cavalry |
| 10:03 | Construir | Farm |
| 10:08 | Crear | Villager (Male) |
| 10:20 | Crear | Spearman |
| 10:21 | Crear | Spearman |
| 10:40 | Construir | House |
| 10:42 | Construir | House |
| 10:44 | Crear | Villager (Male) |
| 11:07 | Construir | Farm |
| 11:09 | Construir | Farm |
| 11:11 | Crear | Villager (Male) |
| 11:30 | Construir | House |
| 12:22 | Crear | Villager (Male) |
| 12:23 | Crear | Villager (Male) |
| 12:23 | Crear | Villager (Male) |
| 13:21 | Crear | Villager (Male) |
| 13:22 | Crear | Villager (Male) |
| 13:25 | Construir | Farm |
| 13:27 | Construir | Farm |
| 13:38 | Construir | Mining Camp |
| 14:02 | Crear | Villager (Male) |
| 14:02 | Crear | Villager (Male) |
| 14:12 | Construir | Farm |
| 14:15 | Construir | Farm |
| 14:22 | Construir | Farm |
| 14:31 | Construir | Palisade Wall |
| 14:36 | Construir | Palisade Wall |
| 14:56 | Construir | Farm |
| 15:22 | Crear | Villager (Male) |
| 15:33 | Construir | Blacksmith |
| 15:35 | Construir | House |
| 15:44 | Crear | Villager (Male) |
| 16:06 | Construir | Farm |
| 16:12 | Construir | Farm |
| 16:28 | Construir | Lumber Camp |
| 16:35 | Investigar | Castle Age |
| 16:52 | Construir | Stable |
| 17:14 | Investigar | Double-Bit Axe |
| 18:31 | Construir | Stable |
| 18:45 | Investigar | Bloodlines |
| 18:59 | Investigar | Forging |
| 19:15 | Edad | Edad de los Castillos |
| 19:22 | Crear | Knight |
| 19:22 | Crear | Knight |
| 19:22 | Crear | Knight |
| 19:23 | Crear | Knight |
| 19:23 | Crear | Knight |
| 19:23 | Crear | Knight |
| 19:47 | Construir | Town Center |
| 19:52 | Crear | Knight |
| 19:52 | Crear | Knight |
| 19:52 | Crear | Knight |
| 20:14 | Crear | Knight |
| 20:18 | Crear | Villager (Male) |
| 20:38 | Construir | House |
| 20:39 | Construir | House |
| 20:40 | Construir | House |
| 20:40 | Construir | House |
| 20:50 | Crear | Villager (Male) |
| 20:50 | Crear | Villager (Male) |
| 21:09 | Construir | Farm |
| 21:12 | Construir | Farm |
| 21:28 | Investigar | Wheelbarrow |
| 21:59 | Crear | Villager (Male) |
| 21:59 | Crear | Villager (Male) |
| 21:59 | Crear | Villager (Male) |
| 21:59 | Crear | Villager (Male) |
| 23:18 | Crear | Villager (Male) |
| 23:18 | Crear | Villager (Male) |
| 23:19 | Crear | Villager (Male) |
| 23:27 | Construir | Town Center |
| 23:54 | Crear | Knight |
| 23:54 | Crear | Knight |
| 23:55 | Crear | Knight |
| 23:55 | Crear | Knight |
| 23:55 | Crear | Knight |
| 24:17 | Crear | Villager (Male) |
| 24:18 | Crear | Villager (Male) |
| 24:18 | Crear | Villager (Male) |
| 24:21 | Construir | Farm |
| 24:37 | Construir | Farm |
| 24:40 | Construir | Farm |
| 24:48 | Crear | Villager (Male) |
| 24:48 | Crear | Villager (Male) |
| 24:48 | Crear | Villager (Male) |
| 25:13 | Crear | Villager (Male) |
| 25:14 | Crear | Villager (Male) |
| 25:14 | Crear | Villager (Male) |
| 25:14 | Crear | Villager (Male) |
| 25:17 | Construir | Farm |
| 25:58 | Crear | Villager (Male) |
| 25:58 | Crear | Villager (Male) |
| 26:03 | Investigar | Horse Collar |
| 26:10 | Construir | Siege Workshop |
| 26:23 | Investigar | Bow Saw |
| 26:23 | Investigar | Bow Saw |
| 26:24 | Investigar | Bow Saw |
| 26:28 | Crear | Villager (Male) |
| 26:28 | Crear | Villager (Male) |
| 26:29 | Crear | Villager (Male) |
| 26:29 | Crear | Villager (Male) |
| 26:29 | Crear | Villager (Male) |
| 26:31 | Crear | Villager (Male) |
| 26:47 | Crear | Mangonel |
| 26:49 | Crear | Villager (Male) |
| 26:49 | Crear | Villager (Male) |
| 27:01 | Crear | Villager (Male) |
| 27:02 | Crear | Villager (Male) |
| 27:13 | Construir | Farm |
Build order — freeth84
Primeras 150 de 218 acciones detectadas
| 0:03 | Construir | House |
| 0:03 | Crear | Villager (Male) |
| 0:04 | Crear | Villager (Male) |
| 0:04 | Crear | Villager (Male) |
| 0:04 | Crear | Villager (Male) |
| 0:06 | Construir | House |
| 1:51 | Construir | Lumber Camp |
| 1:55 | Crear | Villager (Male) |
| 1:55 | Crear | Villager (Male) |
| 2:05 | Crear | Villager (Male) |
| 2:05 | Crear | Villager (Male) |
| 2:06 | Crear | Villager (Male) |
| 2:26 | Crear | Villager (Male) |
| 2:27 | Crear | Villager (Male) |
| 3:07 | Crear | Villager (Male) |
| 3:07 | Crear | Villager (Male) |
| 3:55 | Construir | House |
| 4:26 | Crear | Villager (Male) |
| 4:26 | Crear | Villager (Male) |
| 4:26 | Crear | Villager (Male) |
| 4:27 | Crear | Villager (Male) |
| 5:03 | Crear | Villager (Male) |
| 5:03 | Crear | Villager (Male) |
| 5:03 | Crear | Villager (Male) |
| 5:04 | Crear | Villager (Male) |
| 5:04 | Crear | Villager (Male) |
| 5:16 | Crear | Villager (Male) |
| 5:16 | Crear | Villager (Male) |
| 5:21 | Crear | Villager (Male) |
| 5:31 | Construir | Mill |
| 7:12 | Investigar | Feudal Age |
| 7:39 | Construir | Barracks |
| 7:40 | Construir | House |
| 8:23 | Crear | Villager (Male) |
| 8:24 | Crear | Villager (Male) |
| 9:22 | Edad | Edad Feudal |
| 9:24 | Investigar | Double-Bit Axe |
| 9:35 | Construir | Stable |
| 9:59 | Investigar | Loom |
| 10:18 | Crear | Scout Cavalry |
| 10:18 | Crear | Scout Cavalry |
| 10:19 | Crear | Scout Cavalry |
| 10:40 | Construir | Mining Camp |
| 10:44 | Crear | Villager (Male) |
| 10:44 | Crear | Villager (Male) |
| 10:51 | Construir | House |
| 11:18 | Crear | Villager (Male) |
| 11:30 | Construir | Palisade Wall |
| 11:37 | Construir | Palisade Wall |
| 11:44 | Construir | Palisade Wall |
| 11:48 | Construir | Palisade Wall |
| 11:54 | Construir | Palisade Wall |
| 11:58 | Construir | Palisade Wall |
| 12:16 | Crear | Spearman |
| 12:16 | Crear | Spearman |
| 12:27 | Crear | Scout Cavalry |
| 12:36 | Construir | Palisade Wall |
| 13:24 | Construir | Farm |
| 13:25 | Construir | Farm |
| 13:35 | Construir | Mill |
| 13:51 | Construir | Farm |
| 13:52 | Construir | Farm |
| 13:53 | Construir | Farm |
| 13:54 | Construir | Farm |
| 14:14 | Crear | Villager (Male) |
| 14:14 | Crear | Villager (Male) |
| 14:18 | Construir | Farm |
| 14:44 | Construir | House |
| 14:48 | Construir | Blacksmith |
| 14:50 | Construir | House |
| 14:51 | Crear | Villager (Male) |
| 14:52 | Crear | Villager (Male) |
| 14:55 | Construir | Farm |
| 15:15 | Construir | Farm |
| 15:18 | Crear | Villager (Male) |
| 15:34 | Construir | House |
| 15:36 | Crear | Villager (Male) |
| 15:38 | Construir | Farm |
| 16:25 | Crear | Villager (Male) |
| 16:45 | Construir | House |
| 16:46 | Construir | House |
| 16:51 | Construir | House |
| 17:04 | Crear | Villager (Male) |
| 17:35 | Crear | Villager (Male) |
| 17:43 | Crear | Villager (Male) |
| 17:43 | Crear | Villager (Male) |
| 17:43 | Crear | Villager (Male) |
| 18:35 | Investigar | Castle Age |
| 18:42 | Construir | Archery Range |
| 18:50 | Construir | Mill |
| 19:25 | Construir | Archery Range |
| 19:30 | Investigar | Fletching |
| 19:32 | Investigar | Padded Archer Armor |
| 19:48 | Investigar | Horse Collar |
| 20:01 | Crear | Spearman |
| 20:01 | Crear | Spearman |
| 20:01 | Crear | Spearman |
| 20:02 | Crear | Spearman |
| 20:02 | Crear | Spearman |
| 20:02 | Crear | Spearman |
| 20:33 | Construir | Palisade Wall |
| 20:48 | Crear | Archer |
| 20:48 | Crear | Archer |
| 20:49 | Crear | Archer |
| 20:49 | Crear | Archer |
| 20:49 | Crear | Archer |
| 20:50 | Crear | Archer |
| 20:50 | Crear | Archer |
| 21:09 | Construir | Palisade Wall |
| 21:15 | Edad | Edad de los Castillos |
| 21:20 | Crear | Archer |
| 21:20 | Crear | Archer |
| 21:20 | Crear | Archer |
| 21:22 | Crear | Villager (Male) |
| 21:51 | Construir | House |
| 21:55 | Construir | House |
| 23:41 | Investigar | Pikeman (upgrade) |
| 23:55 | Construir | Palisade Wall |
| 24:26 | Investigar | Crossbowman (upgrade) |
| 24:42 | Construir | Town Center |
| 25:20 | Crear | Spearman |
| 25:21 | Crear | Spearman |
| 25:21 | Crear | Spearman |
| 25:21 | Crear | Spearman |
| 25:56 | Crear | Villager (Male) |
| 25:57 | Crear | Villager (Male) |
| 25:57 | Crear | Villager (Male) |
| 25:58 | Crear | Villager (Male) |
| 26:18 | Crear | Archer |
| 26:19 | Crear | Archer |
| 26:19 | Crear | Archer |
| 26:24 | Crear | Villager (Male) |
| 26:48 | Crear | Villager (Male) |
| 26:49 | Crear | Villager (Male) |
| 26:49 | Crear | Villager (Male) |
| 26:50 | Crear | Villager (Male) |
| 26:53 | Crear | Spearman |
| 26:53 | Crear | Spearman |
| 26:53 | Crear | Spearman |
| 27:07 | Construir | Lumber Camp |
| 27:09 | Crear | Villager (Male) |
| 27:10 | Crear | Villager (Male) |
| 27:10 | Crear | Villager (Male) |
| 27:10 | Crear | Villager (Male) |
| 27:13 | Crear | Archer |
| 27:13 | Crear | Archer |
| 27:14 | Crear | Archer |
| 27:14 | Crear | Archer |
| 27:14 | Crear | Archer |
| 27:32 | Crear | Villager (Male) |
Cronología de la partida
| 7:39 | freeth84 · first_building Barracks |
| 7:43 | rapha92gg · first_building Barracks |
| 9:14 | rapha92gg · age_up feudal |
| 9:18 | rapha92gg · first_building Stable |
| 9:22 | freeth84 · age_up feudal |
| 9:35 | freeth84 · first_building Stable |
| 11:30 | freeth84 · wall_segment Palisade Wall x4 |
| 11:37 | freeth84 · wall_segment Palisade Wall x4 |
| 11:44 | freeth84 · wall_segment Palisade Wall x1 |
| 11:48 | freeth84 · wall_segment Palisade Wall x1 |
| 11:54 | freeth84 · wall_segment Palisade Wall x1 |
| 11:58 | freeth84 · wall_segment Palisade Wall x1 |
| 12:36 | freeth84 · wall_segment Palisade Wall x1 |
| 14:31 | rapha92gg · wall_segment Palisade Wall x11 |
| 14:36 | rapha92gg · wall_segment Palisade Wall x8 |
| 18:42 | freeth84 · first_building Archery Range |
| 19:15 | rapha92gg · age_up castle |
| 20:33 | freeth84 · wall_segment Palisade Wall x1 |
| 21:09 | freeth84 · wall_segment Palisade Wall x5 |
| 21:15 | freeth84 · age_up castle |
| 23:55 | freeth84 · wall_segment Palisade Wall x1 |
| 26:10 | rapha92gg · first_building Siege Workshop |
| 31:19 | rapha92gg · first_building Monastery |
| 32:49 | rapha92gg · first_building Archery Range |
| 33:08 | freeth84 · first_building Monastery |
| 34:57 | rapha92gg · age_up imperial |
| 35:18 | freeth84 · resign |
[ ANÁLISIS IA · 1 CRÉDITO ]
¿Qué pasó realmente en esta partida?
Wolo.gg analiza cada decisión: build order, eco, micro, errores típicos por bracket. Análisis personalizado por WhatsApp o Discord en 30 segundos.
Guía civ
Bereberes
Guía mapa
Arabia
Perfil
rapha92gg